 Dungeon Crawl Stone Soup version 0.29.0-4-gdea44cf6ec (webtiles) character file.

Game seed: 12897762724370908790

4 qw the Chopper (level 1, -1/12 HPs)
             Began as a Tengu Warper on Aug 29, 2022.
             Slain by a goblin
             ... wielding a +0 club
              (2 damage)
             ... on level 1 of the Dungeon.
             The game lasted 00:00:05 (52 turns).

qw the Chopper (Tengu Warper)                         Turns: 52, Time: 00:00:06

Health: -1/12      AC:  3    Str: 11    XL:     1   Next: 60%
Magic:  4/4        EV: 11    Int: 13    God:
Gold:   14         SH:  0    Dex: 13    Spells: 4/4 levels left

rFire   . . .      SeeInvis .   a - +0 hand axe
rCold   . . .      Faith    .   (no shield)
rNeg    . . .      Spirit   .   b - +0 leather armour
rPois   .          Reflect  .   (helmet restricted)
rElec   .          Harm     .   (no cloak)
rCorr   .          Rampage  .   (no gloves)
Will    .....                   (boots unavailable)
Stlth   +.........              (no amulet)
HPRegen 0.04/turn               (no ring)
MPRegen 0.09/turn               (no ring)

@: no status effects
A: beak, talons 3
a: no special abilities


You were on level 1 of the Dungeon.
You visited 1 branch of the dungeon, and saw 1 of its levels.

You collected 14 gold pieces.


Innate Abilities, Weirdness & Mutations

You have a beak for a mouth.
You have claws for feet.


   Skills:
 - Level 2.0 Fighting
 + Level 2.6 Axes
 - Level 1.0 Throwing
 - Level 1.1 Armour
 - Level 2.1 Dodging
 - Level 2.0 Spellcasting
 - Level 2.4 Translocations


You had 4 spell levels left.
You didn't know any spells.
Your spell library contained the following spells:

 Spells                   Type           Power      Damage    Failure   Level
 Blink                    Tloc           14%        N/A       19%         2
 Gell's Gravitas          Tloc           7%         N/A       36%         3
 Lesser Beckoning         Tloc           7%         N/A       36%         3
 Teleport Other           Tloc           7%         N/A       36%         3
 Manifold Assault         Tloc           7%         N/A       98%         5

Inventory:

Hand Weapons
 a - a +0 hand axe (weapon)
 f - a +0 whip
Missiles
 d - a boomerang of dispersal (quivered)
Armour
 b - a +0 leather armour (worn)
Scrolls
 c - a scroll of blinking
 e - a scroll of poison {unknown}

Dungeon Overview and Level Annotations

Branches:
Dungeon (1/15)

Altars:

Shops:
D:1 *


Message History

40 ||| SHOPLISTING +1 scale mail of Biptioc {rElec rN+} (272 gold, have 14).
You can access your shopping list by pressing '$'.
A dart slug and a ball python come into view.
The ball python hisses angrily.
A goblin comes into view. It is wielding a +0 club.
The dart slug misses you.
You hit the dart slug.
You peck the dart slug, but do no damage.
The dart slug is moderately wounded.
The dart slug launches a dart at you. The slug dart hits you.
You hit the dart slug.
The dart slug is moderately wounded.
You hit the ball python. The ball python bites you.
The ball python closely misses you. The ball python bites you.
The ball python grabs you. The ball python constricts you.
You barely miss the ball python.
The ball python is moderately wounded.
You hit the dart slug but do no damage. The dart slug launches a dart at you.
The slug dart hits you. The ball python misses you.
The ball python constricts you.
You slash the ball python!
You kill the ball python!
You hit the dart slug but do no damage. The dart slug launches a dart at you.
The slug dart misses you.
You hit the dart slug. You peck the dart slug.
The dart slug is severely wounded.
You closely miss the goblin. The goblin hits you with a +0 club.
The dart slug launches a dart at you. The slug dart hits you.
You hit the dart slug.
You peck the dart slug, but do no damage.
The dart slug is almost dead.
You hit the goblin. The goblin hits you with a +0 club.
You die...

.. .# .. ### # .#
..## .## .##..#
##.. ....##....
...####g.....#
......w@.....#
.#######.....##
##.#...## . ##.#
...#.# #..##.#....
#.#.....#
#.......# ..#
##.\.###...#
...####.....##...#


You could see a dart slug and a goblin.

Vanquished Creatures
  A ball python (D:1)
  An endoplasm (D:1)
  A kobold (D:1)
3 creatures vanquished.

Notes
Turn   | Place    | Note
-------+----------+-------------------------------------------
     0 | D:1      | qw the Tengu Warper began the quest for the Orb.
     0 | D:1      | Reached XP level 1. HP: 12/12 MP: 4/4
     0 | D:1      | 0 ||| qw: Version: 0.1-a-89-g26bdef1
     0 | D:1      | 0 ||| qw: Game counter: 3603
     0 | D:1      | 0 ||| qw: Always use a shield: true
     0 | D:1      | 0 ||| qw: God list: Okawaru
     0 | D:1      | 0 ||| qw: Allow faded altars: false
     0 | D:1      | 0 ||| qw: Do Orc after D:15 true
     0 | D:1      | 0 ||| qw: Do second Lair branch before Depths: true
     0 | D:1      | 0 ||| qw: Lair rune preference: random
     0 | D:1      | 0 ||| qw: Plans: Normal
     0 | D:1      | 0 ||| PLANNING D:1-11
    24 | D:1      | Found Kiehog's General Store.
    40 | D:1      | 40 ||| SHOPLISTING +0 plate armour of cold resistance (300
                  | gold, have 14).
    40 | D:1      | 40 ||| SHOPLISTING +1 scale mail of Biptioc {rElec rN+}
                  | (272 gold, have 14).
    51 | D:1      | HP: 2/12 [goblin/+0 club (2)]
    52 | D:1      | Slain by a goblin

Levels and vault maps discovered:
D:1:      minmay_arrival_checkered_box, layout_rooms, serial_shops,
          nicolae_shop_stone, nicolae_shop_window_shopping, shop_fountains,
          nicolae_shop_advertising_works [nicolae_subvault_shop_adworks],
          nicolae_diamond_shop, shapermc_ecumenical_altar_flowoftime

Action                   || total
-------------------------++-------
Melee: Hand axe          ||     7
       Peck              ||     3
Throw: Boomerang         ||     6
Dodge: Dodged            ||     4

Table legend:
 A = Non-vault XP
 B = Vault XP
 C = Vault XP percentage of total XP
 D = Non-vault monster count
 E = Vault monster count
 F = Vault count percentage of total count
                 A         B        C        D         E       F
            +---------+---------+-------+---------+---------+-------
      Total |       6 |       0 |   0.0 |       3 |       0 |   0.0
            +---------+---------+-------+---------+---------+-------
        D:1 |       6 |       0 |   0.0 |       3 |       0 |   0.0
            +---------+---------+-------+---------+---------+-------
